 Dungeon Crawl Stone Soup version 0.22-a0-223-g0f5d773 (webtiles) character file.

1997 esteth the Carver (level 9, -16/69 (70) HPs)
             Began as a Minotaur Fighter on Feb 18, 2018.
             Was a Follower of Makhleb.
             Demolished by a two-headed ogre
             ... wielding a +0 giant club
              (19 damage)
             ... on level 8 of the Dungeon.
             The game lasted 00:14:27 (6653 turns).

esteth the Carver (Minotaur Fighter)                Turns: 6653, Time: 00:14:27

HP:   -16/69 (70)   AC:  9    Str: 21    XL:     9   Next: 2%
MP:   0/8           EV:  8    Int:  5    God:    Makhleb [*.....]
Gold: 229           SH: 14    Dex: 13    Spells: 8/8 levels left

rFire    + . .     SeeInvis .   a - +3 long sword
rCold    + . .     Gourm    .   c - +2 shield
rNeg     . . .     Faith    .   b - +0 scale mail
rPois    +         Spirit   +   (helmet restricted)
rElec    .         Reflect  .   F - scarf {rC+ rF+}
rCorr    .         Harm     .   n - +0 pair of gloves (curse)
MR       .....                  m - +0 pair of boots
Stlth    ..........             l - amulet of guardian spirit
HPRegen  0.21/turn              y - ring of poison resistance
MPRegen  0.11/turn              (no ring)

@: no status effects
A: retaliatory headbutt, horns 2
a: Renounce Religion


You were on level 8 of the Dungeon.
You worshipped Makhleb.
Makhleb was aware of your devotion.
You were not hungry.

You visited 1 branch of the dungeon, and saw 8 of its levels.

You collected 409 gold pieces.
You spent 180 gold pieces at shops.

Inventory:

Hand Weapons
 a - a +3 long sword (weapon)
 i - a cursed +1 great sword of flaming
Armour
 b - a +0 scale mail (worn)
 c - a +2 shield (worn)
 m - a +0 pair of boots (worn)
 n - a cursed +0 pair of gloves (worn)
 F - a scarf of resistance (worn)
Jewellery
 g - an uncursed amulet of faith
 l - an amulet of guardian spirit (around neck)
 y - a ring of poison resistance (left hand)
Wands
 t - a wand of digging (15)
 w - a wand of random effects (8)
 z - a wand of clouds (8)
 C - a wand of iceblast (8)
Scrolls
 e - 2 scrolls of fear {unknown}
 h - 3 scrolls of remove curse {unknown}
 j - 4 scrolls of identify
 k - a scroll of magic mapping {unknown}
 q - 3 scrolls of teleportation {unknown}
 u - 2 scrolls of amnesia {unknown}
 v - a scroll of fog {unknown}
Potions
 d - a potion of might
 o - 2 potions of haste {unknown}
 p - 2 potions of heal wounds {unknown}
 r - a potion of lignification {unknown}
 s - 3 potions of resistance {unknown}
 x - a potion of ambrosia {unknown}
 A - 3 potions of curing {unknown}
 B - a potion of agility {unknown}
 D - a potion of mutation {unknown}
 E - 2 potions of cancellation {unknown}
 G - 2 potions of magic {unknown}
 I - a potion of degeneration {unknown}
Comestibles
 f - 15 rations


   Skills:
 - Level 3.6 Fighting
 + Level 11.0 Long Blades
 - Level 3.6 Armour
 + Level 9.6 Shields


You had 8 spell levels left.
You didn't know any spells.

Dungeon Overview and Level Annotations

Branches:
Dungeon (8/15)             Temple (0/1) D:4
   Lair: D:8-11

Altars:
Ashenzari
Cheibriados
Dithmenos
Fedhas
Gozag
Makhleb
Trog
Uskayaw
Wu Jian
Xom

Shops:
D:6 }?[?   D:7 !

Annotations:
D:7 1 runed door


Innate Abilities, Weirdness & Mutations

You reflexively headbutt those who attack you in melee.
You have a pair of horns on your head.


Message History

The two-headed ogre hits you with a giant spiked club!
* * * LOW HITPOINT WARNING * * *
You hit the two-headed ogre.
The two-headed ogre is moderately wounded.
There is an open door here.
There is an open door here.
Evoke which item? (* to show all) (? for menu, Esc to quit)
That's the wrong kind of item! (Use * to select it.) Evoke which item? (* to show all) (? for menu, Esc to quit)
You don't have any such object.
Evoke which item? (* to show all) (? for menu, Esc to quit)
Aiming: Cloud Cone
Press: ? - help, Dir - move target cursor, f - two-headed ogre
Aim: a two-headed ogre, wielding a giant club and a giant spiked club (lightly wounded)
You create a blast of flame!
The two-headed ogre is engulfed in blazing flames.
The two-headed ogre hits you with a giant club!!
* * * LOW HITPOINT WARNING * * *
The two-headed ogre hits you with a giant spiked club!!
You die...

#. ###'##...# ._
#...##...#
#.#########....'...#
...............#...#.....#
##.............#...#.....
#........##...#######...#
#........##.§.##...##...##
#.........'.§§§..........#
###'#######.§§§O@........#
#.......##.§§§..........#
#.......#..§..........<.#
+.......##...##...##...##
#.......##...##...######
#....=...#...######
#........#....#
##########....+ #...##


You could see a two-headed ogre.

Vanquished Creatures
  Joseph (D:7)
  A hippogriff (D:7)
  A phantom (D:7)
  An ice beast (D:7)
  2 necrophages
  A centaur (D:7)
  4 wights (D:7)
  A howler monkey (D:5)
  2 crimson imps
  2 orc priests
  5 orc wizards
  A gnoll shaman (D:4)
  5 hounds
  A bullfrog skeleton (D:5)
  A centaur skeleton (D:4)
  3 iguanas
  A worker ant (D:7)
  A hound zombie (D:7)
  A hound skeleton (D:5)
  Robin (D:3)
  A howler monkey zombie (D:6)
  A worker ant zombie (D:6)
  5 gnolls
  A howler monkey skeleton (D:5)
  5 adders
  An adder skeleton (D:5)
  4 worms
  2 dart slugs
  A leopard gecko (D:3)
  15 orcs
  4 ball pythons
  7 giant cockroaches
  19 goblins
  13 hobgoblins
  7 jackals
  A quokka (D:2)
  5 bats
  5 frilled lizards
  A jackal skeleton (D:7)
  9 kobolds
  A quokka skeleton (D:7)
  A quokka zombie (D:5)
  8 rats
153 creatures vanquished.

Notes
Turn   | Place    | Note
-------+----------+-------------------------------------------
     0 | D:1      | esteth the Minotaur Fighter began the quest for the Orb.
     0 | D:1      | Reached XP level 1. HP: 19/19 MP: 0/0
   226 | D:1      | Reached skill level 3 in Long Blades
   226 | D:1      | Reached XP level 2. HP: 25/26 MP: 1/1
   274 | D:1      | Found a shattered altar of Ashenzari.
   662 | D:2      | Found a snail-covered altar of Cheibriados.
   666 | D:2      | Reached skill level 4 in Long Blades
   666 | D:2      | Reached XP level 3. HP: 31/31 MP: 2/2
   837 | D:2      | Found an opulent altar of Gozag.
  1246 | D:3      | Reached skill level 5 in Long Blades
  1265 | D:3      | Reached XP level 4. HP: 36/39 MP: 3/3
  1319 | D:3      | Found a bloodstained altar of Trog.
  1494 | D:3      | Found a hide-covered altar of Uskayaw.
  1754 | D:3      | Noticed Robin
  1755 | D:3      | Found a shadowy altar of Dithmenos.
  1767 | D:3      | Reached skill level 6 in Long Blades
  1777 | D:3      | Reached XP level 5. HP: 21/45 MP: 2/4
  1804 | D:3      | Killed Robin
  2129 | D:3      | Reached skill level 7 in Long Blades
  2339 | D:4      | HP: 1/45 [gnoll/halberd (5)]
  2681 | D:4      | Reached XP level 6. HP: 48/51 MP: 3/5
  2820 | D:4      | Found a burning altar of Makhleb.
  2832 | D:4      | Became a worshipper of Makhleb the Destroyer
  2967 | D:4      | Reached skill level 5 in Shields
  3216 | D:4      | Found a staircase to the Ecumenical Temple.
  3265 | D:4      | Reached skill level 8 in Long Blades
  3641 | D:5      | Entered Level 5 of the Dungeon
  3729 | D:5      | Reached XP level 7. HP: 56/57 MP: 4/6
  3859 | D:5      | Found a shimmering altar of Xom.
  4432 | D:6      | Found Omiav's Magic Scroll Boutique.
  4437 | D:6      | Bought a scroll of enchant armour for 90 gold pieces
  4437 | D:6      | Bought a scroll of enchant weapon for 90 gold pieces
  4493 | D:6      | Found Rirhih's Antique Armour Boutique.
  4524 | D:6      | Noticed a moth of wrath
  4528 | D:6      | Found a bloodstained altar of Trog.
  4764 | D:6      | Found Jestugg's Magic Scroll Shoppe.
  4776 | D:6      | Reached * piety under Makhleb
  4854 | D:6      | Found Celuz's Gadget Shop.
  4938 | D:6      | Reached skill level 9 in Long Blades
  4958 | D:6      | Found a blossoming altar of Fedhas.
  5154 | D:7      | Reached XP level 8. HP: 46/63 MP: 4/7
  5660 | D:7      | Noticed Joseph
  5679 | D:7      | Killed Joseph
  5679 | D:7      | Reached skill level 10 in Long Blades
  6214 | D:7      | Noticed a hippogriff
  6221 | D:7      | Killed a hippogriff
  6256 | D:7      | Found Guor's Distillery.
  6334 | D:7      | Found a runed door.
  6364 | D:7      | Found an ornate altar of the Wu Jian Council.
  6424 | D:7      | Reached skill level 11 in Long Blades
  6424 | D:7      | Reached XP level 9. HP: 67/69 MP: 8/8
  6627 | D:8      | Found a shattered altar of Ashenzari.
  6630 | D:8      | Noticed a two-headed ogre
  6653 | D:8      | HP: 3/69 [two-headed ogre/giant club (18)]
  6653 | D:8      | Demolished by a two-headed ogre

Vault maps used:
D:1:      minmay_arrival_four_houses, serial_glass, glass_columns_c,
          glass_columns_c, glass_columns_b, glass_columns_c, glass_columns_a,
          glass_columns_c, glass_columns_b, glass_columns_a,
          hangedman_decor_growths, nicolae_ashenzari_panopticon
D:2:      cheibrodos_helix_gallery, kennysheep_slug_shrine, grunt_gozag_statues
D:3:      lemuel_round_altar, nicolae_dithmenos_through_a_glass_darkly,
          first_ration, trog_hazing_becter, uniq_robin
D:4:      old_standard_altar, minmay_temple_entry_nine_rooms
D:5:      nicolae_overflow_crystal_walls
D:6:      tgw_trog, fedhas_altar_3, serial_shops, nicolae_shop_statue_plus,
          shop, shop, nicolae_shop_window_shopping
D:7:      lemuel_coloured_pillars_altar, serial_shops, shop_fountains,
          uniq_crazy_yiuf_cottage, uniq_joseph
D:8:      lemuel_crystal_altar, basic_altar, grunt_ogre_cave, water_maze_lemuel

Skill      XL: |  1  2  3  4  5  6  7  8 |
---------------+-------------------------+-----
Shields        | 4 5 7 9 |  9.6
Long Blades    | 3 4 5 6 7 8 9 11 | 11.0
Fighting       | |  3.6
Armour         | |  3.6

Action                   |  1- 3 |  4- 6 |  7- 9 || total
-------------------------+-------+-------+-------++-------
Melee: Long sword        |   105 |   170 |   179 ||   454
       Headbutt          |    16 |    45 |    46 ||   107
Evoke: Wand              |       |       |     7 ||     7
  Use: Scroll            |     1 |     1 |     8 ||    10
  Eat: Chunk             |     1 |     8 |    10 ||    19
Armor: Scale mail        |    36 |    89 |    58 ||   183
Dodge: Dodged            |    31 |    66 |    34 ||   131
Block: Shield            |    49 |   108 |   129 ||   286
       Rpst.: Long sword |    10 |    14 |    15 ||    39

Table legend:
 A = Spawn XP
 B = Non-spawn XP
 C = Spawn XP percentage of total XP
 D = Spawn monster count
 E = Non-spawn monster count
 F = Spawn count percentage of total count
 G = Total turns spent on level
                    A         B        C        D         E        F      G
               +---------+---------+-------+---------+---------+-------+---------
         Total |       0 |    2854 |   0.0 |       0 |     153 |   0.0 |  6653
               +---------+---------+-------+---------+---------+-------+---------
           D:1 |       0 |      34 |   0.0 |       0 |      23 |   0.0 |   637
           D:2 |       0 |      53 |   0.0 |       0 |      15 |   0.0 |   522
           D:3 |       0 |     155 |   0.0 |       0 |      47 |   0.0 |  1096
           D:4 |       0 |     474 |   0.0 |       0 |      20 |   0.0 |  1386
           D:5 |       0 |     180 |   0.0 |       0 |      10 |   0.0 |   791
           D:6 |       0 |     298 |   0.0 |       0 |      16 |   0.0 |   684
           D:7 |       0 |    1660 |   0.0 |       0 |      22 |   0.0 |  1468
               +---------+---------+-------+---------+---------+-------+---------
